 Dungeon Crawl Stone Soup version 0.32-a0-975-g85d4e5bfdb (webtiles) character file.

Game seed: 17354708504185155961

176634 FlatIsJustice the Warrior (level 18, -2/154 HPs)
             Began as a Formicid Fighter on Apr 19, 2024.
             Was the Champion of the Shining One.
             Slain by the 23-headed Lernaean hydra (11 damage)
             ... on level 4 of the Swamp.
             The game lasted 00:44:12 (30332 turns).

FlatIsJustice the Warrior (Formicid Fighter)       Turns: 30332, Time: 00:44:13

Health: -2/154     AC: 25    Str: 28    XL:     18   Next: 80%
Magic:  27/27      EV:  7    Int:  9    God:    the Shining One [******]
Gold:   3739       SH: 26    Dex: 15    Spells: 17/17 levels left

rFire   + . .        a - +9 battleaxe (flame)
rCold   + . .        W - +2 tower shield {rC+}
rNeg    + + +        L - +3 storm dragon scales {Bai Suzhen}
rPois   +            (helmet unavailable)
rElec   +            u - +2 cloak {rPois}
rCorr   .            f - +0 pair of gloves
SInv    +            q - +0 pair of boots
Will    ++...        d - amulet of reflection Stlth
                     c - ring of willpower
HPRegen 0.45/turn    Y - ring of Zoipua {Fly rF+ Dex+2 Stlth+}
MPRegen 0.20/turn

%: reflection
@: flying, glowing, studying Ice Magic
A: permanent stasis, dig shafts and tunnels, antennae 3, four strong arms
a: Dig, Shaft Self, Renounce Religion, Divine Shield, Cleansing Flame, Summon
Divine Warrior, Brand Weapon With Holy Wrath


You were on level 4 of the Swamp.
You worshipped the Shining One.
The Shining One was exalted by your worship.
You visited 5 branches of the dungeon, and saw 27 of its levels.
You also visited: Ice Cave.

You collected 3781 gold pieces.
You spent 42 gold pieces at shops.

Inventory:

Hand Weapons
 a - a +9 battleaxe of flaming (weapon)
 B - a +2 whip of venom
 I - a +0 glaive of flaming
 V - a +3 war axe of freezing
Missiles
 j - 34 poisoned darts
 l - 18 boomerangs (quivered)
 y - a curare-tipped dart
 A - a throwing net
Armour
 f - a +0 pair of gloves (worn)
 q - a +0 pair of boots (worn)
 u - a +2 cloak of poison resistance (worn)
 z - a +0 kite shield of reflection
 L - +3 storm dragon scales (worn) {Bai Suzhen}
 T - +0 fire dragon scales
 U - a +1 cloak of cold resistance
 W - a +2 tower shield of cold resistance (worn)
 Z - +0 ice dragon scales
Jewellery
 b - a ring of willpower
 c - a ring of willpower (left hand)
 d - an amulet of reflection (around neck)
 w - a ring of protection from cold
 X - a ring of resist corrosion
 Y - the ring of Zoipua (right hand) {Fly rF+ Dex+2 Stlth+}
   (You found it in an ice cave)

   [ring of protection from fire]

   Dex+2:     It affects your dexterity (+2).
   rF+:       It protects you from fire.
   Fly:       It grants you flight.
   Stlth+:    It makes you more stealthy.
Wands
 g - a wand of paralysis (34)
 i - a wand of polymorph (1)
 t - a wand of mindburst (34)
 F - a wand of iceblast (24)
 M - a wand of acid (4)
 P - a wand of flame (52)
Scrolls
 h - 3 scrolls of amnesia
 k - 3 scrolls of fog
 x - 4 scrolls of fear
 H - a scroll of immolation
 N - a scroll of identify
 O - 3 scrolls of poison
Potions
 e - 6 potions of heal wounds
 m - 6 potions of brilliance
 n - 2 potions of ambrosia
 r - 2 potions of enlightenment
 s - 8 potions of curing
 v - 3 potions of might
 C - 3 potions of resistance
 E - 2 potions of haste
 J - 2 potions of lignification {unknown}
 K - 2 potions of mutation {unknown}
 Q - 4 potions of attraction {unknown}
 R - 2 potions of cancellation {unknown}
Miscellaneous
 p - a phial of floods
 D - a phantom mirror
 G - a tin of tremorstones (2/2)
 S - a lightning rod (4/4)


   Skills:
 * Level 17.0 Fighting
 * Level 15.5 Axes
 + Level 11.4 Throwing
 + Level 12.5 Armour
 + Level 16.0 Shields
 + Level 12.0 Invocations
 + Level 12.0 Evocations


You had 17 spell levels left.
You didn't know any spells.
Your spell library contained the following spells:

 Spells                   Type           Power      Damage    Failure   Level
 Apportation              Tloc           0%         N/A       97%         1
 Freeze                   Ice            0%         1d3       97%         1
 Sandblast                Erth           0%         2d4       97%         1
 Shock                    Conj/Air       0%         1d3       97%         1
 Sting                    Conj/Alch      0%         1d3       97%         1
 Jinxbite                 Hex            0%         N/A       99%         2
 Mercury Vapours          Alch/Air       0%         N/A       99%         2
 Scorch                   Fire           0%         2d5       99%         2
 Dazzling Flash           Conj/Hex       0%         N/A       100%        3
 Mephitic Cloud           Conj/Alch/Air  0%         N/A       100%        3
 Ozocubu's Armour         Ice            0%         N/A       100%        3
 Passwall                 Erth           0%         N/A       100%        3
 Stone Arrow              Conj/Erth      0%         3d7       100%        3
 Volatile Blastmotes      Fire/Tloc      0%         2d10      100%        3
 Airstrike                Air            0%         2d(0-16)  100%        4
 Brom's Barrelling Bould  Conj/Erth      0%         2d3       100%        4
 Flame Wave               Conj/Fire      0%         2d4       100%        4
 Alistair's Intoxication  Alch           0%         N/A       100%        5
 Arcjolt                  Conj/Air       0%         1d10      100%        5
 Fireball                 Conj/Fire      0%         3d3       100%        5
 Iskenderun's Battlesphe  Conj           0%         2d6       100%        5
 Silence                  Hex/Air        0%         N/A       100%        5
 Summon Forest            Summ/Tloc      0%         N/A       100%        5
 Yara's Violent Unravell  Hex/Alch       0%         3d3       100%        5
 Conjure Ball Lightning   Conj/Air       0%         3x3d6     100%        6
 Dispersal                Tloc           0%         N/A       100%        6
 Eringya's Noxious Bog    Alch           0%         4d6       100%        6
 Gell's Gavotte           Tloc           0%         2d(11-16) 100%        6
 Plasma Beam              Fire/Air       0%         2x1d10    100%        6
 Summon Cactus Giant      Summ           0%         N/A       100%        6
 Enfeeble                 Hex            0%         N/A       100%        7
 Magnavolt                Erth/Air       0%         3d9       100%        7
 Manifold Assault         Tloc           0%         N/A       100%        7
 Orb of Destruction       Conj           0%         9d5       100%        7
 Summon Hydra             Summ           0%         N/A       100%        7
 Disjunction              Tloc           0%         N/A       100%        8
 Swiftness                Air            Unusable   N/A       N/A         3
 Vhi's Electric Charge    Tloc/Air       Unusable   N/A       N/A         4

Dungeon Overview and Level Annotations

Branches:
Dungeon (15/15)            Temple (1/1) D:6            Lair (5/5) D:10
  Swamp (4/4) Lair:3       Spider (0/4) Lair:2        Slime (0/5) Lair:4
    Orc (2/2) D:10            Elf (0/3) Orc:2        Vaults (0/5) D:13
 Depths (0/4) D:15          IceCv (visited)

Altars:
Ashenzari
Cheibriados
Dithmenos
Elyvilon
Fedhas
Gozag
Hepliaklqana
Kikubaaqudgha
Makhleb
Nemelex Xobeh
Okawaru
Qazlal
Ru
Sif Muna
Trog
Uskayaw
Vehumet
Wu Jian
Xom
Yredelemnul
Zin
The Shining One

Shops:
D:3 !(   Orc:2 (!*?

Annotations:
D:3 3 runed translucent doors, Takeo's ghost, amateur CoHu
D:5 2 runed translucent doors
Swamp:4 Lernaean hydra


Innate Abilities, Weirdness & Mutations

You cannot be hasted, slowed, berserked, paralysed or teleported.
You can dig through walls and to a lower floor.
You have a pair of large antennae on your head. (SInv)
Your four strong arms can wield two-handed weapons with a shield.


Message History

The 23-headed Lernaean hydra completely misses you.
The 23-headed Lernaean hydra bites you but does no damage.
The 23-headed Lernaean hydra bites you.
* * * LOW HITPOINT WARNING * * *
The 23-headed Lernaean hydra bites you but does no damage. x2
The 23-headed Lernaean hydra barely misses you.
The 23-headed Lernaean hydra bites you but does no damage. x4
The 23-headed Lernaean hydra bites you.
* * * LOW HITPOINT WARNING * * *
The 23-headed Lernaean hydra bites you but does no damage.
The 23-headed Lernaean hydra bites you.
* * * LOW HITPOINT WARNING * * *
The 23-headed Lernaean hydra bites you but does no damage. x2
A swamp dragon comes into view.
You feel much better.
The swamp dragon roars deafeningly!
You block the 23-headed Lernaean hydra's attack.
The 23-headed Lernaean hydra bites you but does no damage.
The 23-headed Lernaean hydra bites you!
* * * LOW HITPOINT WARNING * * *
The 23-headed Lernaean hydra bites you!
* * * LOW HITPOINT WARNING * * *
You block the 23-headed Lernaean hydra's attack.
The 23-headed Lernaean hydra bites you.
* * * LOW HITPOINT WARNING * * *
You block the 23-headed Lernaean hydra's attack. x2
The 23-headed Lernaean hydra closely misses you. x2
The 23-headed Lernaean hydra bites you.
* * * LOW HITPOINT WARNING * * *
The 23-headed Lernaean hydra bites you!
* * * LOW HITPOINT WARNING * * *
The 23-headed Lernaean hydra bites you!
* * * LOW HITPOINT WARNING * * *
The 23-headed Lernaean hydra bites you.
* * * LOW HITPOINT WARNING * * *
The 23-headed Lernaean hydra bites you but does no damage. x2
The 23-headed Lernaean hydra bites you.
* * * LOW HITPOINT WARNING * * *
The 23-headed Lernaean hydra bites you!
You die...

≈≈≈......~~~~~....~~♣♣...
≈≈≈.~.!.~~~..[~.~~♣♣♣♣~.♣
≈≈.~~.....[§~~~..♣♣♣♣.~.♣
..~~~..~♣♣.~~~~~~..♣♣~~..
.~~~..~♣♣~..~~~~...♣♣....
~~~...~..~.[.~~...♣♣♣♣♣♣♣
~~~~.....~†÷.~♣♣~~~♣
.~.~.♣..~)%..#~..♣♣.~~~~
.~♣♣ ♣..@.÷.~..~≈♣ ♣♣~~♣
~ ♣.~D.#.≈.♣♣♣♣ ♣♣
♣~....$~≈≈~ ♣♣♣♣...♣♣♣♣
♣...♣ ♣...♣≈ ♣...D { {
♣..~.. ♣~~♣


You could see the 23-headed Lernaean hydra and a swamp dragon.

Vanquished Creatures
  Mara (Swamp:2)
  Bai Suzhen (Swamp:4)
  Jorgrun (Swamp:3)
  A tentacled monstrosity (Swamp:3)
  A thorn hunter (Swamp:3)
  Roxanne (Swamp:4)
  Donald (Swamp:2)
  2 fire giants (D:15)
  Nessos (D:15)
  4 bunyips
  A white draconian (IceCv)
  4 eleionomae
  A war gargoyle (D:15)
  An ettin (D:15)
  2 shambling mangroves
  2 fire dragons
  14 hydras
  A rakshasa (D:15)
  4 alligators
  An ice dragon (D:15)
  8 centaur warriors
  4 ghost crabs
  4 catoblepae
  A deep troll earth mage (D:15)
  3 ogre magi (D:15)
  Erica (Lair:1)
  11 boulder beetles
  A hell hog (Lair:5)
  4 two-headed ogres
  3 death yaks (Lair:4)
  5 orc high priests (Orc:2)
  A deep elf knight (D:15)
  A skyshark (shapeshifter) (D:15)
  A spriggan druid (Swamp:2)
  10 skeletal warriors
  2 deep trolls
  4 goliath frogs
  2 necromancers
  A phantasmal warrior (D:15)
  A lindwurm (Lair:5)
  A deep elf zephyrmancer (D:15)
  3 swamp dragons
  2 bog bodies
  3 wolf spiders (D:15)
  6 orc knights
  An obsidian bat (Orc:1)
  25 ugly things
  12 cyclopes
  13 manticores
  2 will-o-the-wisps
  2 orc sorcerers
  Maurice (D:7)
  25 elephants
  6 black mambas
  2 meliai (D:15)
  6 torpor snails
  2 ice statues (IceCv)
  Joseph (D:13)
  A gargoyle (D:10)
  15 cane toads
  7 rime drakes
  12 komodo dragons
  A yaktaur (D:15)
  4 freezing wraiths
  7 trolls
  11 polar bears
  13 hornets
  A jumping spider (shapeshifter) (D:15)
  8 tyrant leeches
  Prince Ribbit (D:7)
  Grinder (D:3)
  2 hornets (shapeshifter)
  17 blink frogs
  4 raiju (Lair:5)
  8 dream sheep (Lair:5)
  13 slime creatures
  A centaur simulacrum (D:15)
  4 shadows
  3 wyverns
  55 yaks
  3 wraiths
  4 spriggans (Swamp:3)
  A vampire (D:10)
  A hog (shapeshifter) (D:15)
  2 steam dragons
  8 wargs
  7 basilisks
  10 vampire mosquitoes
  Menkaure (D:5)
  13 swamp worms
  2 death yak simulacra (Orc:1)
  12 water moccasins
  10 hell hounds (Lair:5)
  Pargi (D:4)
  26 orc warriors
  4 swamp drakes (Swamp:4)
  A black bear (shapeshifter) (D:13)
  A sky beast (D:6)
  2 ice beasts
  4 laughing skulls
  4 ogres
  19 black bears
  28 wolves
  5 boggarts
  5 centaurs
  3 phantoms
  3 kobold brigands
  2 scorpions
  16 bullfrogs
  2 gnoll sergeants
  A two-headed ogre simulacrum (Orc:1)
  A cane toad simulacrum (Orc:1)
  18 wights
  3 lindwurm simulacra (IceCv)
  An elephant simulacrum (Orc:1)
  12 killer bees
  5 howler monkeys
  3 bombardier beetles
  6 komodo dragon simulacra (IceCv)
  39 orc priests
  6 hounds
  A gnoll bouda (D:8)
  4 iguanas
  2 sleepcaps
  Jessica (D:3)
  Natasha (thrice) (D:3)
  9 orc wizards
  3 yak simulacra (D:10)
  3 hell rats (D:8)
  A troll simulacrum (Orc:1)
  3 polar bear simulacra (D:10)
  A wolf simulacrum (D:10)
  Robin (D:3)
  6 gnolls (D:8)
  7 river rats (D:8)
  4 acid dragon simulacra (IceCv)
  10 adders
  2 naga simulacra (Orc:1)
  2 shadow imps
  2 white imps
  6 ufetubi
  8 steam dragon simulacra (IceCv)
  4 dart slugs
  3 ribbon worms (D:2)
  69 orcs
  5 ball pythons
  7 bats
  11 endoplasms
  3 giant cockroaches (D:1)
  16 goblins
  10 hobgoblins
  6 jackals
  9 quokkas
  3 frilled lizards
  18 kobolds
  45 rats
  4 river rat simulacra (D:10)
1002 creatures vanquished.

Vanquished Creatures (collateral kills)
  A hydra (Lair:4)
1 creature vanquished.

Vanquished Creatures (others)
  A fire giant (D:15)
  2 deep elf pyromancers (D:15)
  2 bloated husks
  2 hornets (Swamp:1)
  A spriggan (Swamp:1)
  10 foxfires (Swamp:3)
18 creatures vanquished.

Grand Total: 1021 creatures vanquished

Notes
Turn   | Place    | Note
-------+----------+-------------------------------------------
     0 | D:1      | FlatIsJustice the Formicid Fighter began the quest for the
                  | Orb.
     0 | D:1      | Reached XP level 1. HP: 18/18 MP: 1/1
   103 | D:1      | Reached XP level 2. HP: 24/24 MP: 2/2
   281 | D:1      | Reached XP level 3. HP: 30/30 MP: 3/3
  1019 | D:2      | Reached skill level 4 in Fighting
  1019 | D:2      | Reached skill level 1 in Throwing
  1019 | D:2      | Reached XP level 4. HP: 35/37 MP: 4/4
  1115 | D:2      | Found a faded altar of an unknown god.
  1155 | D:2      | Reached skill level 1 in Evocations
  1299 | D:2      | Found a hide-covered altar of Uskayaw.
  1436 | D:2      | Reached XP level 5. HP: 42/42 MP: 5/5
  1636 | D:3      | Noticed Natasha
  1640 | D:3      | Noticed Robin
  1721 | D:3      | Killed Natasha
  1725 | D:3      | Killed Robin
  1793 | D:3      | Identified the +0 plate armour of Wasted Space {Str+5}
  1793 | D:3      | Noticed Jessica
  1798 | D:3      | Killed Jessica
  1799 | D:3      | Reached XP level 6. HP: 49/49 MP: 6/6
  1849 | D:3      | Found Vaoget's Distillery.
  1857 | D:3      | Bought a potion of curing for 42 gold pieces
  1884 | D:3      | Noticed Natasha
  1890 | D:3      | Killed Natasha
  2040 | D:3      | Found a runed translucent gate.
  2040 | D:3      | Found a runed translucent gate.
  2040 | D:3      | Found a runed translucent gate.
  2042 | D:3      | Noticed Takeo's ghost (amateur CoHu)
  2048 | D:3      | Noticed Grinder
  2049 | D:3      | Found Qoimul's Weapon Boutique.
  2053 | D:3      | You fall into a shaft and drop 1 floor!
  2169 | D:4      | Noticed Pargi
  2189 | D:4      | Killed Pargi
  2217 | D:4      | Reached skill level 5 in Fighting
  2217 | D:4      | Reached skill level 5 in Shields
  2217 | D:4      | Reached XP level 7. HP: 56/56 MP: 7/7
  2252 | D:3      | Noticed Natasha
  2262 | D:3      | Killed Natasha
  2330 | D:3      | Killed Grinder
  2752 | D:4      | Reached XP level 8. HP: 63/64 MP: 8/8
  3071 | D:5      | Entered Level 5 of the Dungeon
  3082 | D:5      | Found a runed translucent door.
  3084 | D:5      | Found a runed translucent door.
  3127 | D:5      | Reached skill level 6 in Fighting
  3187 | D:5      | Found a snail-covered altar of Cheibriados.
  3191 | D:5      | Reached skill level 5 in Axes
  3268 | D:5      | Reached skill level 5 in Armour
  3292 | D:5      | Found a broken altar of Ashenzari.
  3297 | D:5      | Found a shimmering altar of Xom.
  3340 | D:5      | Noticed Menkaure
  3350 | D:5      | HP: 1/65 [Menkaure/nerve-wracking pain (7)]
  3352 | D:5      | Killed Menkaure
  3724 | D:5      | Reached XP level 9. HP: 46/71 MP: 9/9
  4111 | D:6      | Reached skill level 7 in Fighting
  4117 | D:6      | HP: 3/72 [killer bee (5)]
  4125 | D:6      | HP: 1/72 [killer bee (5)]
  4445 | D:6      | Found a white marble altar of Elyvilon.
  4469 | D:6      | Found a radiant altar of Vehumet.
  4469 | D:6      | Found a stormy altar of Qazlal.
  4593 | D:6      | Found a staircase to the Ecumenical Temple.
  4610 | Temple   | Entered the Ecumenical Temple
  4624 | Temple   | Became a worshipper of the Shining One
  5055 | D:7      | Noticed Prince Ribbit
  5076 | D:7      | Noticed Maurice
  5084 | D:7      | Maurice stole a +2 hand axe of flaming
  5091 | D:7      | Maurice stole 243 gold
  5095 | D:7      | Killed Maurice
  5096 | D:7      | Reached skill level 1 in Invocations
  5208 | D:7      | Killed Prince Ribbit
  5345 | D:7      | Reached * piety under the Shining One
  5346 | D:7      | Reached XP level 10. HP: 77/80 MP: 11/11
  5549 | D:7      | Reached skill level 8 in Fighting
  5757 | D:7      | Reached skill level 5 in Evocations
  5888 | D:7      | Reached ** piety under the Shining One
  5964 | D:8      | Found a bloodstained altar of Trog.
  5973 | D:8      | Reached skill level 5 in Throwing
  6038 | D:8      | Identified the +8 chain mail of the Shifting Gods {*Corrode
                  | rElec Regen+ Str-5}
  6404 | D:8      | Reached *** piety under the Shining One
  6644 | D:8      | Reached skill level 9 in Fighting
  6773 | D:9      | Noticed a two-headed ogre
  6778 | D:9      | Killed a two-headed ogre
  6779 | D:9      | Reached XP level 11. HP: 89/89 MP: 13/13
  7041 | D:9      | Found a blossoming altar of Fedhas.
  7061 | D:9      | Found a sparkling altar of Nemelex Xobeh.
  7396 | D:9      | Found a shadowy altar of Dithmenos.
  7479 | D:10     | Entered Level 10 of the Dungeon
  7571 | D:10     | Found a staircase to the Lair.
  7594 | D:10     | Found a staircase to the Orcish Mines.
  7693 | D:10     | Noticed a necromancer
  7693 | D:10     | Reached **** piety under the Shining One
  7713 | D:10     | Killed a necromancer
  7973 | D:10     | Reached skill level 10 in Fighting
  8198 | D:10     | Found an ornate altar of the Wu Jian Council.
  8266 | D:10     | Reached skill level 5 in Invocations
  8385 | D:11     | Noticed a cyclops
  8393 | D:11     | Killed a cyclops
  8394 | D:11     | Reached XP level 12. HP: 78/98 MP: 15/15
  8508 | D:11     | Noticed a two-headed ogre
  8575 | D:11     | Noticed a two-headed ogre
  8581 | D:11     | Killed a two-headed ogre
  8626 | D:11     | Noticed a boulder beetle
  8633 | D:11     | Noticed a boulder beetle
  8798 | D:10     | Killed a boulder beetle
  8944 | D:10     | Killed a boulder beetle
  9050 | D:11     | Killed a two-headed ogre
  9305 | D:11     | Reached ***** piety under the Shining One
  9514 | D:12     | Noticed a skeletal warrior
  9532 | D:11     | Killed a skeletal warrior
  9533 | D:11     | Reached skill level 11 in Fighting
  9640 | D:12     | Noticed a skeletal warrior
  9653 | D:12     | Killed a skeletal warrior
  9691 | D:12     | Noticed a skeletal warrior
  9691 | D:12     | Noticed a skeletal warrior
  9710 | D:11     | Killed a skeletal warrior
  9714 | D:11     | Killed a skeletal warrior
  9715 | D:11     | Reached skill level 10 in Axes
  9833 | D:12     | Noticed a boulder beetle
  9871 | D:12     | Killed a boulder beetle
 10047 | D:12     | Reached skill level 10 in Shields
 10312 | D:12     | Reached XP level 13. HP: 92/106 MP: 17/17
 10423 | D:12     | Got the Atlas of Fetid Outbursts
 11040 | Lair:1   | Entered Level 1 of the Lair of Beasts
 11439 | Lair:1   | Reached skill level 12 in Fighting
 11514 | Lair:1   | Noticed Erica
 11523 | Lair:1   | Killed Erica
 12705 | Lair:2   | Found a hole to the Spider Nest.
 13145 | Lair:2   | Got Sif Muna's Guidebook on the Frore Valley
 13515 | Lair:3   | Found a staircase to the Swamp.
 13597 | Lair:3   | Noticed a six-headed hydra
 13605 | Lair:3   | Killed a one-headed hydra
 13861 | Lair:3   | Reached XP level 14. HP: 116/116 MP: 19/19
 15005 | Lair:4   | Reached skill level 13 in Fighting
 15087 | Lair:4   | Found a staircase to the Slime Pits.
 16057 | Lair:5   | Entered Level 5 of the Lair of Beasts
 16147 | Lair:5   | Reached skill level 10 in Armour
 16421 | Lair:5   | Reached XP level 15. HP: 99/124 MP: 21/21
 17767 | Lair:5   | Reached skill level 14 in Fighting
 17916 | Lair:5   | Identified a scroll of acquirement
 17920 | Lair:5   | Reached ****** piety under the Shining One
 17970 | Lair:5   | Acquired a +2 broad axe of flaming
 18612 | Orc:1    | Entered Level 1 of the Orcish Mines
 18663 | Orc:1    | Found a frozen archway.
 18718 | IceCv    | Entered an ice cave
 18982 | IceCv    | Reached skill level 10 in Evocations
 19051 | IceCv    | Identified the ring of Zoipua {Fly rF+ Dex+2 Stlth+}
 20167 | Orc:1    | Reached XP level 16. HP: 118/134 MP: 23/23
 20337 | Orc:2    | Entered Level 2 of the Orcish Mines
 21372 | Orc:2    | Found Hiprapte's Magic Scroll Shop.
 21372 | Orc:2    | Found Aceinona's Weapon Shop.
 21373 | Orc:2    | Found Orurei's Assorted Antiques.
 21373 | Orc:2    | Found Igyit's Distillery.
 21554 | Orc:2    | Found a staircase to the Elven Halls.
 21868 | D:13     | Reached skill level 10 in Invocations
 22265 | D:13     | Noticed Joseph
 22276 | D:13     | Killed Joseph
 22460 | D:13     | Found a gate to the Vaults.
 22792 | D:14     | Found an iron altar of Okawaru.
 22890 | D:14     | Reached skill level 15 in Fighting
 23312 | D:14     | Reached skill level 10 in Throwing
 23801 | D:15     | Entered Level 15 of the Dungeon
 24030 | D:15     | Reached XP level 17. HP: 134/142 MP: 24/24
 24086 | D:15     | Found a hazy altar of Hepliaklqana.
 24086 | D:15     | Found a sparkling altar of Nemelex Xobeh.
 24087 | D:15     | Found a glowing golden altar of the Shining One.
 24385 | D:15     | Reached skill level 15 in Shields
 25435 | D:15     | Reached skill level 16 in Fighting
 25509 | D:15     | Found a staircase to the Depths.
 25671 | D:15     | Noticed Nessos
 25683 | D:15     | Killed Nessos
 26028 | D:15     | Identified the storm talisman of Crawling {*Slow rF+ rN+
                  | Int+2}
 26325 | Swamp:1  | Entered Level 1 of the Swamp
 26733 | Swamp:1  | Reached XP level 18. HP: 151/151 MP: 26/26
 27518 | Swamp:2  | Reached skill level 15 in Axes
 28042 | Swamp:3  | Noticed Mara
 28052 | Swamp:3  | Noticed FlatIsJustice's illusion
 28053 | Swamp:3  | Noticed Donald
 28060 | Swamp:2  | Noticed FlatIsJustice's illusion
 28070 | Swamp:2  | Killed Mara
 28289 | Swamp:2  | Killed Donald
 29267 | Swamp:3  | Noticed a tentacled monstrosity
 29276 | Swamp:3  | Killed a tentacled monstrosity
 29641 | Swamp:3  | Noticed Jorgrun
 29650 | Swamp:3  | Killed Jorgrun
 29942 | Swamp:4  | Entered Level 4 of the Swamp
 29955 | Swamp:4  | Noticed Roxanne
 29977 | Swamp:4  | Killed Roxanne
 30070 | Swamp:4  | Identified the dragon-blood talisman of Noon {rC- Dex+4
                  | Stlth+}
 30070 | Swamp:4  | Noticed Bai Suzhen
 30082 | Swamp:4  | Killed Bai Suzhen
 30129 | Swamp:4  | Reached skill level 17 in Fighting
 30323 | Swamp:4  | Noticed the 27-headed Lernaean hydra
 30332 | Swamp:4  | Slain by the 23-headed Lernaean hydra

Illustrated notes

Levels and vault maps discovered:
D:1:      dpeg_cavernosity, layout_loops_ring
D:2:      layout_rooms, shapermc_ecumenical_altar_notcrosses, basic_altar,
          minmay_rat_hole
D:3:      layout_rooms, serial_shops, nicolae_shop_peninsula, shop,
          ebering_ghost_rock_garden, uniq_jessica, uniq_grinder, uniq_robin,
          uniq_natasha
D:4:      layout_rooms, uniq_pargi
D:5:      lemuel_insect_pit, layout_cave_pools, overflow_temple_1_default,
          nicolae_overflow_squiral, uniq_menkaure
D:6:      layout_loops_cross, mainiacjoe_overflow_alcove_4,
          grunt_temple_overflow_open, minmay_temple_entry_enclosed_plants
D:7:      layout_loops_ring, serial_bayou, serial_bayou_lagoon_a,
          serial_bayou_lake_a, serial_bayou_shore_b, serial_bayou_shore_b,
          uniq_prince_ribbit1, uniq_maurice
D:8:      lemuel_ratsnest, layout_rooms, trog_ov_bears_minmay, fountainhead
D:9:      layout_cave_pools, nicolae_dithmenos_through_a_glass_darkly,
          nemelex_diamond_rough_becter, fedhas_ov_isle_minmay, chequers_jeans
D:10:     layout_basic, nicolae_wu_jian_immortal_techniques,
          due_lair_maze_entry_diamond, orc_0_dummy, st_stairs_2,
          eino_house_with_fridge
D:11:     layout_loops_ring, st_stairs_3
D:12:     layout_basic
D:13:     layout_loops_corners, david_vaults_4, minmay_sticks_and_stones
D:14:     layout_basic, okawaru_metal_pillars_1_2
D:15:     hangedman_slaughterboxes, uniq_nessos
Temple:   jpeg_temple_clearing
Lair:1:   layout_cave_pods, columned_hall_lemuel, grunt_megastairs_3, uniq_erica
Lair:2:   layout_small_grid, dummy_spider_entry, lemuel_fruit_tree
Lair:3:   nzn_winding_woodlands_three_and_one
          [nzn_winding_woodlands_5x15_pockets,
          nzn_winding_woodlands_5x15_pathside_ponds,
          nzn_winding_woodlands_5x15_jagged,
          nzn_winding_woodlands_center_diamonds], layout_cave_pods, swamp_mist,
          grunt_forest_stairs_basic
Lair:4:   layout_misc_corridors, slime_entry_1, minmay_stone_trees_large,
          minivault_26
Lair:5:   wormcave, layout_small_grid, hangedman_lair_caniforms_friends,
          serial_bayou_shore_a, grunt_megastairs_2
Swamp:1:  layout_falls_marsh, evilmike_swamp_ruin_house_1
Swamp:2:  layout_falls_marsh, serial_swamp_ruin, evilmike_swamp_ruin_house_6,
          hangedman_swamp_ruin_wall, evilmike_swamp_ruin_house_4
Swamp:3:  layout_basic_swamp, nicolae_swamp_dense_foliage, uniq_jorgrun,
          uniq_donald, uniq_mara
Swamp:4:  swamp_old_school, layout_basic_swamp, swamp_pool_1_2,
          statue_in_the_mist_lemuel, infiniplex_staircase_pool, uniq_bai_suzhen,
          uniq_roxanne
Orc:1:    minmay_goldmine, layout_caves, portal_ice_cave_entry_ice_simulacra,
          nicolae_orc_takin'_care_of_business
Orc:2:    st_orc_pillars, layout_diamond_mine

Skill      XL: |  1  2  3  4  5  6  7  8  9 10 11 12 13 14 15 16 17 18 |
---------------+-------------------------------------------------------+-----
Fighting       | 4 5 6 7 9 10 11 12 13 14 15 16 17 | 17.0
Throwing       | 1 2 3 4 5 6 7 8 9 10 11 | 11.4
Evocations     | 1 2 3 4 5 6 7 8 9 10 11 12 | 12.0
Axes           | 3 4 5 6 8 9 10 11 12 13 14 15 | 15.5
Armour         | 4 5 6 7 8 9 10 11 12 | 12.5
Shields        | 5 6 7 8 9 10 11 12 14 15 16 | 16.0
Invocations    | 1 3 5 6 7 8 9 10 11 12 | 12.0

Action                     |  1- 3 |  4- 6 |  7- 9 | 10-12 | 13-15 | 16-18 || total
---------------------------+-------+-------+-------+-------+-------+-------++-------
  Melee: War axe           |    75 |   135 |   101 |       |       |       ||   311
         Flail             |       |       |   204 |    72 |       |       ||   276
         Battleaxe         |       |       |       |   366 |   742 |   839 ||  1947
         Whip              |       |       |       |     9 |       |       ||     9
         Hand axe          |       |       |       |       |    14 |       ||    14
         Broad axe         |       |       |       |       |   123 |       ||   123
  Throw: Boomerang         |       |       |       |     5 |       |    14 ||    19
         Dart              |       |       |       |    21 |    34 |   153 ||   208
Ability: Dig               |       |     1 |       |       |       |       ||     1
         Shaft Self        |       |     1 |       |       |       |       ||     1
  Evoke: Wand              |       |       |       |     1 |       |     1 ||     2
         Tin of tremorston |       |       |       |       |     1 |     1 ||     2
         Phial of floods   |       |       |       |       |     1 |       ||     1
         Lightning rod     |       |       |       |       |       |     4 ||     4
    Use: Scroll            |       |     6 |     1 |     6 |    14 |     8 ||    35
         Potion            |       |     1 |     2 |       |       |     2 ||     5
 Armour: Scale mail        |    58 |   117 |       |       |       |       ||   175
         Plate armour      |       |    36 |   314 |   377 |   597 |   450 ||  1774
         Storm dragon scal |       |       |       |       |       |   110 ||   110
         Skin              |       |       |       |       |       |     1 ||     1
  Dodge: Dodged            |    31 |    77 |    98 |   131 |   136 |    96 ||   569
  Block: Buckler           |    27 |    43 |   210 |   272 |    80 |       ||   632
         Reflection        |       |       |     1 |     8 |     8 |    73 ||    90
         Tower shield      |       |       |       |       |  1057 |  1024 ||  2081

Table legend: (Time is in decaauts)
 A = Elapsed time spent in this place.
 B = Non-inter-level travel time spent in this place.
 C = Inter-level travel time spent in this place.
 D = Time resting spent in this place.
 E = Time spent auto-exploring this place.
 F = Levels seen in this place.
 G = Mean time per level.
                   A        B        C        D        E       F      G
               +--------+--------+--------+--------+--------+-----+--------+
         Total |  30842 |  29516 |   1326 |   2291 |  20782 |  28 | 1101.5 |
       Dungeon |  15973 |  15172 |    801 |    397 |  11290 |  15 | 1064.9 |
        Temple |     28 |      2 |     26 |      0 |      0 |   1 |   28.0 |
          Lair |   7952 |   7673 |    279 |    714 |   5508 |   5 | 1590.4 |
         Swamp |   3816 |   3695 |    121 |   1140 |   1885 |   4 |  954.0 |
  Orcish Mines |   2522 |   2424 |     98 |      0 |   1832 |   2 | 1261.0 |
      Ice Cave |    547 |    547 |      0 |     40 |    266 |   1 |  547.0 |
               +--------+--------+--------+--------+--------+-----+--------+

Top non-repeatable levels by time:
    D:15: 2396 daAuts
  Lair:5: 2343 daAuts
 Swamp:2: 1995 daAuts
  Lair:3: 1660 daAuts
  Lair:1: 1632 daAuts
    D:12: 1361 daAuts
  Lair:4: 1357 daAuts
   Orc:2: 1319 daAuts
    D:10: 1307 daAuts
   Orc:1: 1203 daAuts
     D:6: 1156 daAuts
    D:11: 1110 daAuts
    D:13: 1065 daAuts
    D:14: 1041 daAuts
     D:1: 1026 daAuts
